 Dungeon Crawl Stone Soup version 0.30-a0-1163-gf69bf04e7a (webtiles) character file.

Game seed: 13901354026821789266

72155 BubbleThief the Thaumaturge (level 15, 0/146 HPs)
             Began as a Naga Cinder Acolyte on Apr 28, 2023.
             Was an Elder of Ignis.
             Hit by a large rock thrown by a cyclops (12 damage)
             ... on level 2 of the Orcish Mines.
             The game lasted 00:52:14 (24598 turns).

BubbleThief the Thaumaturge (Naga Cinder Acolyte)  Turns: 24598, Time: 00:52:15

Health: 0/146      AC: 24    Str: 20    XL:     15   Next: 39%
Magic:  14/32      EV: 11    Int: 18    God:    Ignis [****..]
Gold:   1114       SH:  8    Dex:  7    Spells: 22/41 levels left

rFire   + . .        F - +3 morningstar (protect)
rCold   + . .        S - +0 kite shield
rNeg    . . .        b - +2 robe {Will+}
rPois   +            y - +0 helmet
rElec   .            I - +0 cloak
rCorr   .            r - +1 pair of gloves
SInv    +            l - +1 barding {Stlth+}
Will    +++..        (no amulet)
Stlth   ++           u - +5 ring of evasion
HPRegen 0.44/turn    R - ring of Uluthoen {rC+ Will+ SInv}
MPRegen 0.23/turn

%: no passive effects
@: under a protective aura, very slightly contaminated, very slow
A: AC +5, large, see invisible, deformed body, poison resistance, slowness 2,
spit poison 1, naga tail 2
a: Spit Poison, Renounce Religion, Fiery Armour, Foxfire Swarm, Rising Flame


You were on level 2 of the Orcish Mines.
You worshipped Ignis.
Ignis was greatly pleased with you.
You visited 3 branches of the dungeon, and saw 19 of its levels.
You also visited: Volcano.

You collected 2346 gold pieces.
You spent 1232 gold pieces at shops.

Inventory:

Hand Weapons
 F - a +3 morningstar of protection (weapon)
Missiles
 j - a throwing net
Armour
 b - a +2 robe of willpower (worn)
 l - a +1 barding of stealth (worn)
 o - the +2 ring mail of Maskeown {Dex+6}
   (You found it on level 3 of the Dungeon)

   Dex:       It affects your dexterity (+6).
 r - a +1 pair of gloves (worn)
 y - a +0 helmet (worn)
 z - a +2 robe of fire resistance
 I - a +0 cloak (worn)
 O - a +1 robe of cold resistance
 S - a +0 kite shield (worn)
Jewellery
 d - a ring of protection from fire
 h - a ring of flight
 u - a +5 ring of evasion (left hand)
 B - a ring of willpower
 G - a ring of magical power
 L - a ring of ice
 R - the ring of Uluthoen (right hand) {rC+ Will+ SInv}
   (You found it on level 11 of the Dungeon)

   [ring of see invisible]

   rC:        It protects you from cold.
   SInv:      It lets you see invisible.
   Will:      It increases your willpower.
Wands
 a - a wand of quicksilver (6)
 p - a wand of polymorph (5)
 q - a wand of charming (7)
 H - a wand of mindburst (20)
 K - a wand of digging (4)
 P - a wand of iceblast (4)
Scrolls
 e - 2 scrolls of identify
 g - 8 scrolls of teleportation
 i - 4 scrolls of enchant armour
 m - 2 scrolls of enchant weapon
 t - 4 scrolls of fog
 v - a scroll of magic mapping
 M - a scroll of poison
 N - 2 scrolls of fear
Potions
 c - a potion of brilliance
 f - a potion of ambrosia
 k - 10 potions of curing
 n - 7 potions of heal wounds
 s - a potion of resistance
 w - 2 potions of invisibility
 x - 3 potions of lignification
 A - 5 potions of flight
 C - 5 potions of mutation
 D - 2 potions of haste
 E - 3 potions of might
 J - 2 potions of magic
 Q - 2 potions of attraction


   Skills:
 - Level 12.5 Fighting
 + Level 6.9 Maces & Flails
 + Level 6.3 Shields
 + Level 13.5 Spellcasting
 - Level 12.0 Conjurations
 - Level 12.0 Fire Magic
 - Level 6.0 Poison Magic


You had 22 spell levels left.
You knew the following spells:

 Your Spells              Type           Power      Damage    Failure   Level
a - Scorch                Fire           100%       2d9       1%          2
b - Flame Wave            Conj/Fire      53%        2d13      1%          4
c - Sticky Flame          Conj/Fire      53%        2d7       1%          4
d - Olgreb's Toxic Radia  Pois           33%        N/A       11%         4
e - Fireball              Conj/Fire      26%        3d12      2%          5

Your spell library contained the following spells:

 Spells                   Type           Power      Damage    Failure   Level
 Foxfire                  Conj/Fire      100%       2x1d9     1%          1
 Sting                    Tmut/Pois      88%        1d7       3%          1
 Dazzling Flash           Conj/Hex       66%        N/A       3%          3
 Inner Flame              Hex/Fire       33%        N/A       3%          3
 Poisonous Vapours        Pois/Air       44%        N/A       5%          2
 Cigotuvi's Dreadful Rot  Necr/Pois/Air  38%        N/A       9%          2
 Summon Small Mammal      Summ           48%        N/A       12%         1
 Starburst                Conj/Fire      26%        6d8       14%         6
 Sublimation of Blood     Necr           12%        N/A       19%         2
 Wereblood                Tmut           12%        N/A       19%         2
 Call Canine Familiar     Summ           12%        N/A       36%         3
 Summon Guardian Golem    Hex/Summ       12%        N/A       36%         3
 Anguish                  Hex/Necr       6%         N/A       77%         4
 Cause Fear               Hex            6%         N/A       77%         4
 Dispel Undead            Necr           12%        3d9       77%         4
 Plasma Beam              Fire/Air       16%        2x1d30    85%         6
 Agony                    Necr           12%        N/A       98%         5
 Silence                  Hex/Air        6%         N/A       98%         5
 Death Channel            Necr           6%         N/A       100%        6
 Summon Cactus Giant      Summ           6%         N/A       100%        6
 Enfeeble                 Hex            6%         N/A       100%        7
 Summon Hydra             Summ           6%         N/A       100%        7


Dungeon Overview and Level Annotations

Branches:
Dungeon (12/15)            Temple (0/1) D:6            Lair (5/5) D:10
  Swamp (0/4) Lair:3        Slime (0/5) Lair:4          Orc (2/2) D:12
    Elf (0/3) Orc:2       Volcano (visited)
  Snake: Lair:2-3    Spider: Lair:2-3

Altars:
Nemelex Xobeh
Sif Muna
Jiyva

Shops:
D:3 :   D:6 =*   D:7 :   D:12 (   Orc:1 !   Orc:2 *

Portals:
Abyss: Orc:1

Annotations:
D:3 1 runed translucent door
Lair:4 exclusion: oklob plant
Orc:1 2 transporters, thug444's ghost, journeyman TrTm


Innate Abilities, Weirdness & Mutations

Your serpentine skin is tough. (AC +5)
You have supernaturally acute eyesight. (SInv)
Armour fits poorly on your strangely shaped body.
Your system is resistant to poisons. (rPois)
You cover ground very slowly.
You can spit poison.
You can use your snake-like lower body to constrict enemies.


Message History

The ogre seems to speed up.
You hit the ogre mage.
Your weapon exudes an aura of protection.
You grab the ogre mage.
The ogre mage is lightly wounded.
You have got your breath back.
You constrict the ogre mage.
The ogre mage points at you and mumbles some strange words.
The bolt of magma hits you!! You partially resist.
The cyclops throws a large rock.
The large rock hits you!!
* * * LOW HITPOINT WARNING * * *
You bludgeon the ogre mage!!
The ogre mage is heavily wounded.
You constrict the ogre mage.
The ogre mage hits you but does no damage.
You sock the ogre mage!
The ogre mage is almost dead.
You constrict the ogre mage.
The ogre mage hits you but does no damage.
You block the ogre's attack.
The cyclops throws a large rock.
The large rock misses you.
Unknown command.
You hit the ogre mage but do no damage.
The ogre mage is almost dead.
You constrict the ogre mage!
You kill the ogre mage!
The ogre hits you with a +0 giant club!
* * * LOW HITPOINT WARNING * * *
A troll comes into view.
You puncture the ogre! You grab the ogre.
The ogre is moderately wounded.
You constrict the ogre. The ogre hits you with a +0 giant club!
* * * LOW HITPOINT WARNING * * *
The cyclops throws a large rock.
You block the large rock. The ogre barely misses you.
You barely miss the ogre.
The ogre is moderately wounded.
You constrict the ogre!
The cyclops throws a large rock.
The large rock hits you!
You die...

##...###...#..).##....### ..
.....# ##.......##......#
... #..###
#......#####.)...# ...
....#####.....#####....## ##
O...
......##.........#...#####.
...# #..#......##..[).....#
##.# #..##
#####.....##....))..##
#..##....#
#....####.......####...)).$#
#..### ##..@O..##...CO.#.##
#.## ##...)..###....#..##
### #......C.#....###..# #
##...##........# ...#
#.#....####).T..## #...#
#.......##..<...#. ^.#.
##.#..<###.............##
#####........##........
#........## ......


You could see a cyclops, a troll and an ogre (fast).

Vanquished Creatures
  Jorgrun (Orc:1)
  A dire elephant (Lair:5)
  Snorg (Orc:1)
  Erolcha (D:12)
  2 ogre magi (Orc:2)
  Fannar (Orc:1)
  A catoblepas (Lair:1)
  Harold (D:10)
  9 two-headed ogres
  2 boulder beetles
  8 death yaks
  Sonja (D:11)
  2 spectral death yaks (Lair:5)
  Lodul (D:11)
  2 deep trolls (Orc:2)
  A wizard (Volcano)
  An obsidian statue (Lair:5)
  Pikel (D:4)
  2 bog bodies (Lair:3)
  2 orc knights
  A deep elf pyromancer (D:12)
  3 necromancers (Lair:5)
  2 ugly things (D:12)
  4 salamanders (Volcano)
  An orc sorcerer (Orc:1)
  3 cyclopes
  Maurice (D:8)
  19 elephants
  5 black mambas
  5 molten gargoyles (Volcano)
  2 torpor snails (Lair:5)
  3 gargoyles
  An unseen horror (D:11)
  8 komodo dragons
  12 cane toads
  An efreet (Volcano)
  4 rime drakes
  8 trolls
  A hornet (D:7)
  8 blink frogs
  A polar bear (Lair:1)
  12 dream sheep
  Sigmund (D:5)
  34 yaks
  2 wyverns
  A shadow (D:12)
  2 wraiths
  5 basilisks
  2 vampires
  Eustachio (D:4)
  3 fire bats (Orc:1)
  A steam dragon (Lair:3)
  A death yak simulacrum (Lair:5)
  Menkaure (D:6)
  2 wargs (Orc:1)
  A spectral cane toad (Lair:5)
  2 acid dragons
  10 water moccasins
  4 black bears
  19 orc warriors
  2 elephant zombies (Lair:5)
  5 ice beasts
  25 ogres
  The ghost of Demosthentine the Poker, an amateur DsGl (D:3)
  4 centaurs
  An elephant skeleton (Lair:5)
  20 wolves
  2 kobold brigands
  4 bullfrogs
  2 gnoll sergeants
  2 scorpions
  3 wights (D:10)
  An elephant simulacrum (Lair:5)
  5 killer bees (D:9)
  An electric eel (D:11)
  3 howler monkeys
  A hound (D:7)
  2 jellies
  15 orc priests
  2 gnoll boudas
  2 sleepcaps
  8 iguanas
  14 orc wizards
  13 gnolls
  3 adders
  2 river rats (D:3)
  A shadow imp (D:6)
  3 worms
  2 dart slugs (D:1)
  77 orcs
  4 bats
  2 endoplasms
  7 giant cockroaches
  6 goblins
  8 hobgoblins
  9 jackals
  8 ball pythons
  2 frilled lizards (D:2)
  10 kobolds
  5 rats
525 creatures vanquished.

Vanquished Creatures (collateral kills)
  A centaur (D:5)
  An orc wizard (D:5)
  An orc (D:5)
3 creatures vanquished.

Vanquished Creatures (others)
  A gargoyle (Volcano)
  26 fungi
  23 plants
  23 withered plants (Lair:5)
73 creatures vanquished.

Grand Total: 601 creatures vanquished

Notes
Turn   | Place    | Note
-------+----------+-------------------------------------------
     0 | D:1      | BubbleThief the Naga Cinder Acolyte began the quest for the
                  | Orb.
     0 | D:1      | Reached XP level 1. HP: 21/21 MP: 2/2
   189 | D:1      | Found a faded altar of an unknown god.
   254 | D:1      | Reached XP level 2. HP: 19/28 MP: 3/3
  1202 | D:2      | Reached XP level 3. HP: 32/34 MP: 5/5
  1205 | D:2      | Learned a level 2 spell: Scorch
  1614 | D:2      | Reached skill level 2 in Spellcasting
  1692 | D:3      | Reached XP level 4. HP: 38/43 MP: 4/7
  1772 | D:3      | Found a runed translucent door.
  1857 | D:3      | Found a runed translucent door.
  1858 | D:3      | Noticed Demosthentine's ghost (amateur DsGl)
  1892 | D:3      | Found Verphur's Book Shop.
  1948 | D:3      | Reached XP level 5. HP: 36/50 MP: 1/8
  2000 | D:3      | Identified the +2 ring mail of Maskeown {Dex+6}
  2349 | D:4      | Noticed Eustachio
  2362 | D:4      | Killed Eustachio
  2363 | D:4      | Reached skill level 3 in Spellcasting
  2363 | D:4      | Reached XP level 6. HP: 27/58 MP: 4/10
  2830 | D:4      | Noticed Pikel
  2833 | D:4      | Reached skill level 5 in Maces & Flails
  2836 | D:4      | Reached skill level 5 in Fighting
  2847 | D:4      | Killed Pikel
  2848 | D:4      | Reached skill level 4 in Spellcasting
  2848 | D:4      | Reached XP level 7. HP: 22/68 MP: 10/13
  2848 | D:4      | Reached XP level 8. HP: 25/76 MP: 10/14
  3642 | D:5      | Entered Level 5 of the Dungeon
  3708 | D:5      | Noticed Sigmund
  4491 | D:5      | Reached skill level 5 in Fire Magic
  4495 | D:5      | Reached skill level 5 in Spellcasting
  4902 | D:5      | Killed Sigmund
  4903 | D:5      | Reached XP level 9. HP: 61/82 MP: 10/17
  4992 | D:5      | Reached skill level 6 in Spellcasting
  5434 | D:6      | Found a staircase to the Ecumenical Temple.
  5535 | D:6      | You are sucked into a shaft and drop 2 floors!
  6040 | D:7      | Noticed a hornet
  6045 | D:7      | Reached skill level 7 in Spellcasting
  6049 | D:7      | Killed a hornet
  6211 | D:6      | Found Acoveefi's Neck Hole.
  6300 | D:6      | Found Joygg's Jewellery Boutique.
  6350 | D:6      | Noticed Menkaure
  6355 | D:6      | Killed Menkaure
  6643 | D:7      | Found Ikimaecs's Book Boutique.
  6697 | D:7      | Bought a book of Flames for 336 gold pieces
  6702 | D:7      | Learned a level 4 spell: Flame Wave
  6707 | D:7      | Learned a level 4 spell: Sticky Flame
  6741 | D:7      | Reached skill level 1 in Conjurations
  6741 | D:7      | Reached XP level 10. HP: 85/91 MP: 14/21
  7268 | D:8      | Noticed a two-headed ogre
  7277 | D:8      | Killed a two-headed ogre
  7278 | D:8      | Reached skill level 8 in Spellcasting
  7380 | D:8      | Noticed Maurice
  7390 | D:8      | Killed Maurice
  7660 | D:8      | Reached skill level 5 in Conjurations
  8483 | D:9      | Reached XP level 11. HP: 20/97 MP: 6/23
  8489 | D:9      | HP: 2/97 [wraith (7)]
  9288 | D:10     | Entered Level 10 of the Dungeon
  9349 | D:10     | Reached skill level 9 in Spellcasting
  9422 | D:10     | Found a shimmering blue altar of Sif Muna.
  9425 | D:10     | Noticed Harold
  9434 | D:10     | Killed Harold
  9723 | D:10     | Reached skill level 10 in Fire Magic
  9954 | D:10     | Found a staircase to the Lair.
 10719 | Lair:1   | Entered Level 1 of the Lair of Beasts
 10990 | Lair:1   | Identified the +0 ring mail "Xedulit" {rF+ rCorr}
 11435 | Lair:1   | Noticed a catoblepas
 11449 | Lair:1   | Killed a catoblepas
 11766 | Lair:2   | Reached skill level 10 in Conjurations
 12045 | Lair:2   | Reached XP level 12. HP: 109/110 MP: 25/25
 13007 | Lair:3   | Noticed a death yak
 13022 | Lair:3   | Noticed a death yak
 13023 | Lair:3   | Noticed a death yak
 13023 | Lair:3   | Noticed a death yak
 13045 | Lair:2   | Killed a death yak
 13293 | Lair:3   | Found a staircase to the Swamp.
 13682 | Lair:3   | Noticed a death yak
 14539 | Lair:4   | Noticed a boulder beetle
 14560 | Lair:3   | Killed a boulder beetle
 14561 | Lair:3   | Reached skill level 10 in Fighting
 14992 | Lair:4   | Identified the +9 hand axe of Death's Door {holy, *Noise
                  | rElec Int+5}
 15061 | Lair:4   | Gained mutation: You can use your snake-like lower body to
                  | constrict enemies. [Naga growth]
 15061 | Lair:4   | Reached XP level 13. HP: 120/123 MP: 26/26
 15116 | Lair:4   | Identified a scroll of acquirement
 15116 | Lair:4   | Acquired a +1 barding of stealth
 15138 | Lair:4   | Identified the +1 plate armour of Daoguep {rC- Will+ Str+4
                  | Int+5}
 15146 | Lair:4   | Reached skill level 10 in Spellcasting
 15226 | Lair:4   | Found a viscous altar of Jiyva.
 15226 | Lair:4   | Found a staircase to the Slime Pits.
 15424 | Lair:5   | Entered Level 5 of the Lair of Beasts
 16764 | Lair:5   | Noticed a dire elephant
 16764 | Lair:5   | Noticed a dire elephant
 16766 | Lair:5   | Noticed a dire elephant
 16872 | Lair:5   | Reached skill level 11 in Spellcasting
 16993 | Lair:5   | Reached XP level 14. HP: 100/136 MP: 10/29
 17570 | Lair:5   | Noticed a dire elephant
 17587 | Lair:5   | Killed a dire elephant
 18326 | Lair:3   | Reached skill level 12 in Spellcasting
 18745 | D:3      | Bought a Young Poisoner's Handbook for 220 gold pieces
 18750 | D:3      | Learned a level 4 spell: Olgreb's Toxic Radiance
 18750 | D:3      | Bought a book of Fire for 484 gold pieces
 18756 | D:3      | Learned a level 5 spell: Fireball
 18925 | D:3      | Killed Demosthentine's ghost
 19137 | D:11     | Identified the ring of Uluthoen {rC+ Will+ SInv}
 19180 | D:11     | Reached skill level 1 in Poison Magic
 19342 | D:11     | Noticed Sonja
 19346 | D:11     | Killed Sonja
 19347 | D:11     | Reached skill level 1 in Shields
 19787 | D:11     | Noticed Lodul
 19797 | D:11     | Killed Lodul
 20476 | D:12     | Found Ugouleir's Weapon Emporium.
 20477 | D:12     | Found a staircase to the Orcish Mines.
 20771 | D:12     | Found a sparkling altar of Nemelex Xobeh.
 20862 | D:12     | Noticed Erolcha
 20868 | D:12     | Killed Erolcha
 21416 | Orc:1    | Entered Level 1 of the Orcish Mines
 21416 | Orc:1    | Found Vytoy's Distillery.
 21427 | Orc:1    | Bought a potion of brilliance for 64 gold pieces
 21466 | Orc:1    | Reached skill level 5 in Poison Magic
 21496 | Orc:1    | Found a dark tunnel.
 21579 | Volcano  | Entered a volcano
 22383 | Volcano  | Noticed an orb of fire
 22386 | Volcano  | Noticed an orb of fire
 22662 | Orc:1    | Noticed Snorg
 22670 | Orc:1    | Killed Snorg
 22671 | Orc:1    | Reached XP level 15. HP: 140/146 MP: 4/31
 22884 | Orc:1    | Noticed Jorgrun
 22896 | Orc:1    | Reached skill level 13 in Spellcasting
 22897 | Orc:1    | Killed Jorgrun
 22898 | Orc:1    | Reached skill level 5 in Shields
 22982 | Orc:1    | Found a transporter.
 23040 | Orc:1    | Noticed thug444's ghost (journeyman TrTm)
 23044 | Orc:1    | Noticed an orc warlord
 23106 | Orc:1    | Noticed Fannar
 23115 | Orc:1    | Killed Fannar
 23239 | Orc:1    | Found a one-way gate to the infinite horrors of the Abyss.
 23248 | Orc:1    | Found a transporter.
 23501 | Orc:2    | Entered Level 2 of the Orcish Mines
 23781 | Orc:2    | Found Luwaezor's General Store.
 23788 | Orc:2    | Bought a potion of mutation for 128 gold pieces
 23901 | Orc:2    | Found a staircase to the Elven Halls.
 24598 | Orc:2    | Hit by a large rock thrown by a cyclops

Illustrated notes

Levels and vault maps discovered:
D:1:      dpeg_arrival_long_road, layout_basic,
          ebering_ecumenical_altar_petrified
D:2:      layout_rooms, item_on_display_a
D:3:      layout_rooms, ebering_ghost_sewer_f, serial_shops, shop
D:4:      layout_loops_cross, uniq_pikel, uniq_eustachio
D:5:      lemuel_ice_spiral_2, layout_basic, sigmund_army
D:6:      minmay_spotlight, layout_basic, minmay_temple_entry_nine_rooms,
          minmay_shop_enchanted_jewellery, amcnicky_mini_corridor_feature,
          nicolae_shop_sticking_my_neck_out, uniq_menkaure
D:7:      layout_rooms, serial_shops, shop
D:8:      layout_cave_pods, uniq_maurice
D:9:      layout_basic, hellmonk_bongcloud_opening
D:10:     layout_roguey, kennysheep_mini_moat, hellmonk_lair_entry_icy,
          special_room [special_room_orc], uniq_harold
D:11:     layout_basic, st_stairs_9, uniq_lodul, uniq_sonja
D:12:     layout_loops_ring, orc_david_3, nemelex_diamond_rough_becter,
          uniq_erolcha
Lair:1:   layout_small_grid, grunt_megastairs_4, lemuel_fruit_tree,
          infiniplex_staircase_pool_2
Lair:2:   layout_cave_pods, minmay_stone_trees_medium
Lair:3:   layout_small_grid, skrybe_swamp_entry_bodies,
          hellmonk_spider_entry_life_and_decay, chequers_serial_rivers_large_b
Lair:4:   layout_misc_corridors, minmay_slime_entry_oklob_open
Lair:5:   due_jungle_book, layout_gridlike, grunt_megastairs_5
Orc:1:    layout_diamond_mine, nicolae_volcano_entry_batcave,
          gammafunk_ghost_abyssal_escape, serial_shops, nicolae_diamond_shop,
          sword_in_stone, uniq_snorg, uniq_fannar, uniq_jorgrun
Orc:2:    st_orc_open, layout_diamond_mine, serial_shops, shop

Skill      XL: |  1  2  3  4  5  6  7  8  9 10 11 12 13 14 15 |
---------------+----------------------------------------------+-----
Spellcasting   | 2 3 4 5 7 8 9 11 12 13 | 13.5
Fighting       | 4 5 6 7 10 11 12 | 12.5
Maces & Flails | 4 5 6 |  6.9
Fire Magic     | 4 6 8 9 10 11 12 | 12.0
Conjurations   | 1 6 10 11 12 | 12.0
Poison Magic   | 6 |  6.0
Shields        | 4 6 |  6.3

Action                     |  1- 3 |  4- 6 |  7- 9 | 10-12 | 13-15 || total
---------------------------+-------+-------+-------+-------+-------++-------
  Melee: Mace              |    55 |    44 |    65 |     3 |       ||   167
         Punch             |     1 |       |       |     1 |    12 ||    14
         Morningstar       |       |       |       |   140 |   488 ||   628
         Constrict         |       |       |       |       |    95 ||    95
   Cast: Scorch            |     7 |    24 |   119 |   108 |    36 ||   294
         Sticky Flame      |       |       |       |    57 |   128 ||   185
         Flame Wave        |       |       |       |    25 |    13 ||    38
         Fireball          |       |       |       |       |    24 ||    24
         Olgreb's Toxic Ra |       |       |       |       |    38 ||    38
 Invoke: Fiery Armour      |       |     2 |       |     2 |       ||     4
Ability: Spit Poison       |    33 |    25 |    57 |    50 |    51 ||   216
  Evoke: Wand              |       |       |     2 |     1 |     2 ||     5
    Use: Potion            |       |     1 |       |     1 |       ||     2
         Scroll            |       |       |     1 |    14 |    12 ||    27
 Armour: Robe              |    13 |    36 |    50 |   121 |   359 ||   579
  Dodge: Dodged            |    32 |    39 |    77 |   196 |   403 ||   747
  Block: Kite shield       |       |       |       |       |    76 ||    76

Table legend: (Time is in decaauts)
 A = Elapsed time spent in this place.
 B = Non-inter-level travel time spent in this place.
 C = Inter-level travel time spent in this place.
 D = Time resting spent in this place.
 E = Time spent auto-exploring this place.
 F = Levels seen in this place.
 G = Mean time per level.
                   A        B        C        D        E       F      G
               +--------+--------+--------+--------+--------+-----+--------+
         Total |  29424 |  27921 |   1503 |   3957 |  19605 |  20 | 1471.2 |
       Dungeon |  16342 |  15352 |    990 |   1180 |  12150 |  12 | 1361.8 |
          Lair |   9363 |   8936 |    427 |   1745 |   5804 |   5 | 1872.6 |
  Orcish Mines |   2644 |   2559 |     85 |    498 |   1486 |   2 | 1322.0 |
       Volcano |   1074 |   1074 |      0 |    533 |    164 |   1 | 1074.0 |
               +--------+--------+--------+--------+--------+-----+--------+

Top non-repeatable levels by time:
  Lair:5: 2725 daAuts
  Lair:3: 1857 daAuts
     D:4: 1766 daAuts
   Orc:1: 1763 daAuts
  Lair:2: 1756 daAuts
     D:8: 1742 daAuts
    D:10: 1699 daAuts
  Lair:4: 1679 daAuts
     D:5: 1522 daAuts
    D:12: 1430 daAuts
     D:6: 1370 daAuts
     D:1: 1357 daAuts
  Lair:1: 1344 daAuts
    D:11: 1305 daAuts
     D:9: 1115 daAuts
